Map: Alcyone LE

Players

Cham

  • Race: Zerg Zerg
  • League: Master
  • Spawn Location: 1:00

gumiho - Winner!

  • Race: Terran Terran
  • Spawn Location: 7:00

Event: IEM Katowice 2024

VOD

Have the link to the VOD?

Description

Time

  • Played on: Dec. 10, 2023, 6:26 p.m.
  • Length: 8:43

All games in this series

Show
View Real Time Build Order
Export as new Build Order

Cham Zerg 

Build Orders: Hatch First 

Get SALT Encoding   

  12  0:00  Drone  
  13  0:12  Overlord  
  13  0:18  Drone  
  14  0:31  Drone x2  
  16  0:48  Hatchery  
  15  0:51  Drone  
  15  0:55  Drone  
  17  0:59  Drone  
  18  1:12  Spawning Pool  
  18  1:14  Extractor  
  18  1:17  Drone  
  17  1:19  Drone  
  18  1:28  Drone  
  19  1:39  Drone  
  20  1:50  Drone  
  21  2:00  Queen x2  
  25  2:01  Zergling x2  
  25  2:02  Zergling x2  
  27  2:11  Drone  
  28  2:17  Hatchery  
  28  2:20  Drone  
  28  2:25  Overlord  
  28  2:40  Overlord  
  28  2:42  Queen  
  30  2:44  Drone x2  
  30  2:46  Drone  
  30  2:50  Drone  
  34  2:54  Metabolic Boost  
  34  2:56  Drone  
  35  2:59  Drone  
  36  3:06  Queen  
  36  3:11  Drone x2  
  36  3:12  Drone  
  41  3:18  Drone  
  41  3:19  Overlord  
  42  3:26  Spine Crawler  
  41  3:28  Queen  
  43  3:34  Queen  
  43  3:37  Drone  
  43  3:41  Overlord  
  46  3:43  Drone x3  
  46  3:45  Drone  
  50  3:49  Queen  
  50  3:54  Zergling x4  
  54  3:58  Zergling x2  
  54  4:02  Drone  
  53  4:04  Zergling x2  
  46  4:13  Drone  
  46  4:17  Drone  
  46  4:23  Drone  
  47  4:26  Drone  
  48  4:32  Drone x3  
  48  4:35  Drone  
  48  4:36  Drone  
  53  4:42  Drone x3  
  55  4:46  Drone x2  
  55  4:47  Drone  
  55  4:49  Drone  
  55  4:51  Drone  
  60  4:54  Drone x2  
  60  4:56  Drone x2  
  60  4:58  Drone  
  66  5:00  Drone  
  66  5:07  Overlord x2  
  66  5:14  Drone, Evolution Chamber  
  66  5:15  Drone, Evolution Chamber  
  66  5:23  Overlord, Hatchery  
  66  5:25  Overlord  
  66  5:26  Drone  
  66  5:28  Drone  
  67  5:29  Drone x2  
  67  5:34  Extractor x2, Drone x2  
  69  5:36  Extractor  
  69  5:40  Zerg Ground Armor Level 1  
  69  5:41  Drone x2  
  69  5:42  Drone  
  71  5:43  Drone  
  71  5:46  Drone  
  71  5:48  Drone x3  
  76  5:51  Zerg Melee Weapons Level 1  
  76  5:55  Zergling x2  
  76  5:56  Zergling x4  
  79  6:02  Drone, Overlord  
  79  6:03  Zergling x6  
  83  6:08  Zergling x6  
  83  6:09  Overlord  
  87  6:11  Drone  
  87  6:12  Baneling Nest  
  87  6:15  Zergling x6  
  87  6:18  Drone  
  90  6:21  Lair  
  90  6:22  Zergling x2  
  91  6:27  Drone  
  91  6:28  Drone  
  91  6:31  Drone x3  
  96  6:33  Overlord  
  96  6:37  Drone  
  97  6:40  Drone  
  97  6:41  Drone x2  
  97  6:42  Overlord  
  97  6:46  Spore Crawler  
  98  6:47  Spore Crawler  
  98  6:48  Spore Crawler  
  98  6:49  Hatchery  
  98  6:50  Spore Crawler  
  98  6:51  Zergling x4  
  98  6:52  Zergling x4  
  99  6:54  Zergling x4  
  99  6:55  Zergling x4  
  99  6:59  Overlord x2  
  102  7:09  Zergling x12  
  102  7:12  Zergling x4  
  102  7:13  Zergling x2  
  102  7:15  Hatchery  
  108  7:18  Zergling x6  
  108  7:20  Zergling x2  
  108  7:24  Drone x3  
  108  7:25  Drone x2, Centrifugal Hooks  
  108  7:27  Drone  
  108  7:29  Drone  
  108  7:30  Drone x2, Hydralisk Den  
  108  7:32  Drone  
  108  7:36  Zergling x2  
  109  7:37  Baneling x2  
  109  7:39  Zergling x6  
  109  7:40  Zergling x4, Baneling  
  109  7:41  Baneling x3  
  109  7:42  Zergling x4  
  109  7:43  Zergling x2  
  117  7:45  Drone  
  117  7:49  Zergling x2  
  119  7:52  Zergling x2  
  119  7:57  Zergling x10  
  112  8:02  Overlord  
  112  8:04  Baneling x2  
  112  8:05  Zergling x2, Hydralisk x2, Baneling x2  
  112  8:06  Zergling x4  
  112  8:07  Zergling x2  
  112  8:16  Hydralisk x3  
  112  8:17  Zergling x6  
  112  8:18  Baneling x3  
Show
View Real Time Build Order
Export as new Build Order

gumiho Terran - Winner!

Build Orders: Gas First Reaper Expand, Hellion Opening 

Get SALT Encoding   

  12  0:00  SCV  
  13  0:12  SCV  
  14  0:17  Supply Depot  
  14  0:24  SCV  
  14  0:27  Refinery  
  15  0:39  SCV  
  16  0:44  Barracks  
  16  0:51  SCV  
  17  1:03  SCV  
  18  1:15  SCV  
  19  1:31  Orbital Command, Reaper  
  20  1:42  Command Center  
  20  1:53  Factory  
  20  1:57  SCV  
  21  2:06  Barracks Reactor  
  21  2:09  SCV  
  21  2:11  Supply Depot  
  22  2:17  Refinery  
  22  2:21  SCV  
  23  2:34  SCV  
  24  2:47  Hellion x2, SCV  
  24  2:50  Reaper  
  30  2:53  Orbital Command  
  30  2:58  Armory  
  30  2:59  SCV  
  31  3:09  Hellion  
  31  3:11  Hellion  
  35  3:13  SCV  
  37  3:20  SCV  
  37  3:22  Reaper  
  38  3:30  Starport  
  38  3:32  Supply Depot  
  38  3:33  SCV x2  
  40  3:38  Hellion  
  42  3:42  Hellion  
  42  3:45  SCV x2  
  46  3:57  SCV  
  46  3:58  SCV  
  46  4:08  Starport Tech Lab  
  46  4:09  SCV  
  47  4:10  SCV  
  42  4:21  Hellion x2, SCV  
  42  4:22  SCV  
  42  4:23  Command Center  
  47  4:24  Terran Vehicle Weapons Level 1  
  47  4:30  Raven  
  49  4:33  SCV  
  49  4:34  SCV  
  49  4:35  Barracks Tech Lab, Supply Depot  
  51  4:45  Cyclone, SCV  
  54  4:52  Refinery  
  54  4:56  Cyclone, SCV  
  54  4:57  SCV, Refinery  
  54  4:59  Supply Depot  
  58  5:02  Factory  
  58  5:08  SCV, Supply Depot  
  58  5:09  SCV  
  58  5:10  Supply Depot  
  58  5:13  Factory  
  60  5:20  SCV  
  61  5:21  SCV  
  62  5:29  Cyclone x2  
  62  5:33  SCV  
  62  5:34  SCV  
  68  5:36  Factory  
  68  5:43  Banshee  
  68  5:45  SCV  
  68  5:46  Supply Depot, SCV  
  73  5:55  Factory Reactor  
  74  5:57  Factory Tech Lab, SCV  
  74  5:58  SCV  
  74  6:01  Orbital Command, Hellion x2  
  79  6:09  SCV  
  79  6:10  Supply Depot, SCV  
  81  6:21  SCV  
  81  6:22  SCV, Hurricane Engines  
  81  6:24  Hellion x2  
  87  6:25  Factory Tech Lab  
  87  6:26  SCV  
  87  6:29  Refinery  
  87  6:30  Refinery  
  87  6:33  SCV  
  87  6:34  SCV  
  87  6:35  Command Center  
  87  6:38  SCV  
  90  6:41  Supply Depot  
  90  6:42  Cyclone  
  90  6:43  Cyclone  
  90  6:46  Infernal Pre-Igniter  
  94  6:48  SCV x2  
  94  6:50  SCV  
  94  6:53  Raven  
  99  6:58  Supply Depot  
  99  7:00  SCV x2  
  99  7:01  Hellion x3  
  107  7:05  SCV  
  108  7:12  SCV, Supply Depot  
  108  7:13  Hellion, Supply Depot  
  105  7:17  SCV x2  
  105  7:28  SCV  
  105  7:29  SCV x2  
  106  7:34  Cyclone  
  106  7:35  Cyclone  
  106  7:36  Cyclone x2  
  114  7:37  Hellion x2  
  114  7:41  SCV  
  114  7:42  SCV x2  
  121  7:47  Supply Depot  
  121  7:48  Supply Depot  
  119  7:54  SCV  
  116  7:59  Hellion x2, SCV x2  
  120  8:06  SCV  
  120  8:07  Hellion x2  
  120  8:08  Hellion x2  
  120  8:11  SCV  
  126  8:21  SCV x2  
  126  8:23  SCV  

Tags
 
Add a new tag
Caveats
  • Supply blocks, unpowered buildings, or Contaminate may cause inaccurate times.
  • Supply counts are checked every 10 seconds.